 Dungeon Sprint DCSS version 0.24-a0-809-g71cb82dfb8 (webtiles) character file.

Game seed: 1787008893455897250, levelgen mode: deterministic

18 MisterOstroum the Skirmisher (level 2, -4/29 HPs)
             Began as a Minotaur Fighter on Oct 11, 2019.
             Slain by a phantom (5 damage)
             ... in the Dungeon (Sprint IX: "|||||||||||||||||||||||||||||").
             The game lasted 00:00:31 (45 turns).

MisterOstroum the Skirmisher (Minotaur Fighter)       Turns: 45, Time: 00:00:31

Health: -4/29      AC:  7    Str: 20    XL:     2   Next: 48%
Magic:  1/1        EV:  7    Int:  5    God:
Gold:   0          SH:  9    Dex:  9    Spells: 1/1 levels left

rFire    . . .     SeeInvis .   a - +0 war axe
rCold    . . .     Gourm    .   c - +0 shield
rNeg     . . .     Faith    .   b - +0 scale mail
rPois    .         Spirit   .   (helmet restricted)
rElec    .         Reflect  .   (no cloak)
rCorr    .         Harm     .   (no gloves)
MR       .....     NoTele   +   (no boots)
Stlth    ..........             (no amulet)
HPRegen  0.09/turn              (no ring)
MPRegen  0.07/turn              (no ring)

@: berserk cooldown, slowed, very slow
A: retaliatory headbutt, horns 2
a: no special abilities


You were in the Dungeon.
You were not hungry.

You visited 1 branch

Inventory:

Hand Weapons
 a - a +0 war axe (weapon)
Missiles
 l - a stone (quivered)
Armour
 b - a +0 scale mail (worn)
 c - a +0 shield (worn)
Scrolls
 k - a scroll of blinking {@r4}
Potions
 d - a potion of might {@q3 !q}
 f - a potion of curing {@q1 !q}
 g - a potion of heal wounds {@q2 !q}
 h - a potion of haste {@q4 !q}
 i - 2 potions of magic
Comestibles
 e - a ration
 m - 2 chunks of flesh


   Skills:
 - Level 5.1 Fighting
 * Level 4.3 Axes
 + Level 4.3 Armour
 + Level 4.3 Shields


You had one spell level left.
You didn't know any spells.
Your spell library was empty.

Dungeon Overview and Level Annotations

Branches:
Dungeon (1/1)

Altars:


Innate Abilities, Weirdness & Mutations

You reflexively headbutt those who attack you in melee.
You have a pair of horns on your head.


Message History

The bat is severely wounded.
You block the bat's attack. x3
You barely miss the bat.
The bat is severely wounded.
The bat hits you but does no damage. You block the bat's attack.
Your shield and scale mail prevent you from hitting the bat.
Your headbutt misses the bat.
The bat is severely wounded.
The bat hits you but does no damage. You block the bat's attack.
The bat hits you but does no damage. The bat hits you but does no damage.
You see here a stone.
l - a stone You block the bat's attack. x2
You slash the bat!
You kill the bat!
Your Fighting skill increases to level 4!
Your Axes skill increases to level 3!
You block the bat's attack.
You hit the bat.
You kill the bat!
The jackal bites you but does no damage.
You slash the jackal!
You kill the jackal!
Your Armour skill increases to level 4!
Your Shields skill increases to level 4!
You slash the goblin!
You kill the goblin!
No target in view!
No target in view!
No target in view!
There is an open door to the Dungeon, spattered with blood here.
You see here a jackal corpse.
You butcher the jackal corpse.
m - 2 chunks of flesh
There is an open door to the Dungeon, spattered with blood here.
You see here a jackal skeleton.
You open the door.
A frilled lizard, a jelly, a gnoll, an ogre and a phantom come into view.
The ogre shouts!
The gnoll shouts!
The frilled lizard hisses angrily.
Sorry, you're not good enough to have a special ability.
Unknown command.
A red film seems to cover your vision as you go berserk!
You feel yourself moving faster!
You feel mighty!
You feel a strong urge to attack something.
There is an open door here.
You closely miss the phantom. You block the phantom's attack.
You slash the phantom! Your headbutt misses the phantom.
The phantom is moderately damaged.
The phantom hits you but does no damage.
You slash the phantom!
The phantom is heavily damaged.
The phantom hits you but does no damage.
You closely miss the phantom.
The phantom is heavily damaged.
The phantom blinks!
The frilled lizard barely misses you.
You slash the frilled lizard!
You kill the frilled lizard!
The phantom blinks!
You barely miss the gnoll. The gnoll hits you with a +0 flail.
You closely miss the gnoll. You slash the gnoll!
Your headbutt misses the gnoll.
The gnoll is severely wounded.
You are no longer berserk.
You are exhausted.
You feel yourself slow down. The gnoll hits you but does no damage.
You barely miss the gnoll.
The gnoll is severely wounded.
You block the gnoll's attack. x2
Your shield and scale mail prevent you from hitting the gnoll.
The gnoll is severely wounded.
The phantom blinks!
You block the gnoll's attack. The gnoll barely misses you.
You hit the gnoll.
The gnoll is almost dead.
The gnoll hits you but does no damage. The gnoll hits you with a +0 flail.
You closely miss the gnoll. You headbutt the gnoll.
You kill the gnoll!
Training target 5.0 for Fighting reached!
Your Fighting skill increases to level 5!
Your Axes skill increases to level 4!
You have reached level 2!
The phantom blinks!
You block the ogre's attack.
You hit the ogre. Your headbutt misses the ogre.
The ogre is lightly wounded.
The ogre hits you but does no damage. The phantom hits you.
You hit the phantom but do no damage. Your headbutt misses the phantom.
The phantom is heavily damaged.
You hit the ogre but do no damage. The phantom barely misses you.
You furiously retaliate!
You headbutt the phantom, but do no damage.
The ogre hits you with a +0 giant spiked club!
* * * LOW HITPOINT WARNING * * *
The phantom hits you but does no damage.
The ogre hits you with a +0 giant spiked club.
* * * LOW HITPOINT WARNING * * *
You barely miss the ogre.
The ogre is lightly wounded.
You closely miss the phantom. The phantom hits you.
You die... ▓▓▓▓▓▓▓▓▓▓▓▓▓▓▓▓▓▓ +..JO@W.....÷...<▓ ▓▓▓▓▓▓▓▓▓▓▓▓▓▓▓▓▓▓

You could see a phantom, an ogre and a jelly.

Vanquished Creatures
  A gnoll (D)
  2 bats (D)
  A goblin (D)
  A jackal (D)
  A kobold (D)
  A frilled lizard (D)
7 creatures vanquished.

Notes
Turn   | Place    | Note
-------+----------+-------------------------------------------
     0 | D        | MisterOstroum the Minotaur Fighter began the quest for the
                  | Orb.
     0 | D        | Reached XP level 1. HP: 19/19 MP: 0/0
    15 | D        | Reached skill level 4 in Fighting
    27 | D        | Noticed a jelly
    27 | D        | Noticed an ogre
    27 | D        | Noticed a phantom
    42 | D        | Reached skill level 5 in Fighting
    42 | D        | Reached XP level 2. HP: 22/29 MP: 1/1
    44 | D        | HP: 1/29 [ogre/+0 giant spiked club (4)]
    45 | D        | Slain by a phantom

Levels and vault maps discovered:
D:        linesprint [early_d, line_temple, items_1, d_10, items_2, lair_1,
          lair_end, items_3, orc_1, orc_end, items_4, d_15, swamp_1, shoals_1,
          snake_1, spider_1, d_20, vaults_1, items_5, swamp_end, shoals_end,
          snake_end, spider_end, vaults_end, d_27, items_6, zot_1, zot_end,
          crypt_end, forest_end, elf_end, slime_end, tomb_end, abyss_end,
          pan_hell_end]

Skill      XL: |  1 |
---------------+----+-----
Fighting       | 5 |  5.1
Axes           | 4 |  4.3
Armour         | 4 |  4.3
Shields        | 4 |  4.3

Action                   || total
-------------------------++-------
Melee: War axe           ||    27
       Headbutt          ||     1
  Use: Potion            ||     1
Armor: Scale mail        ||    14
Dodge: Dodged            ||     6
Block: Shield            ||    17

Table legend:
 A = Non-vault XP
 B = Vault XP
 C = Vault XP percentage of total XP
 D = Non-vault monster count
 E = Vault monster count
 F = Vault count percentage of total count
                 A         B        C        D         E       F
            +---------+---------+-------+---------+---------+-------
      Total |       0 |      26 | 100.0 |       0 |       7 | 100.0
            +---------+---------+-------+---------+---------+-------
          D |       0 |      26 | 100.0 |       0 |       7 | 100.0
            +---------+---------+-------+---------+---------+-------
